 Dungeon Crawl Stone Soup version 0.14-a0-953-g9e7f188 (webtiles) character file.

236 Psiweapon the Digger (level 5, 0/33 HPs)
             Began as a Formicid Earth Elementalist on Nov 20, 2013.
             Succumbed to an adder's poison
             ... on Level 3 of the Dungeon.
             The game lasted 00:09:40 (2671 turns).

Psiweapon the Digger (Formicid Earth Elementalist)  Turns: 2671, Time: 00:09:40

HP   0/33        AC  7     Str 13      XL: 5   Next: 28%
MP   8/8         EV 18     Int 20      God:
Gold 134         SH  0     Dex 16      Spells:  2 memorised,  3 levels left

Res.Fire  : . . .   See Invis. : +   p - +1,+0 short sword (venom)
Res.Cold  : . . .   Warding    : .   c - +0 robe
Life Prot.: . . .   Conserve   : .   (no shield)
Res.Poison: x       Res.Corr.  : .   (helmet unavailable)
Res.Elec. : +       Clarity    : .   (no cloak)
Sust.Abil.: . .     Spirit.Shd : .   (no gloves)
Res.Mut.  : .       Stasis     : +   r - +0 pair of boots (curse)
Res.Rott. : .       Flight     : .   (no amulet)
Saprovore : . . .                    (no ring)
                                     (no ring)

@: stone skin, brilliant, agile, mildly poisoned, slightly resistant to hostile
enchantments, quite stealthy
A: permanent stasis, dig shafts and tunnels, four strong arms, poison weakness,
antennae 3, electricity resistance, exoskeleton 1
a: Dig, Shaft Self


You were on level 3 of the Dungeon.
You were not hungry.

You visited 1 branch of the dungeon, and saw 3 of its levels.

You collected 134 gold pieces.

Inventory:

Hand weapons
 f - a +0,+1 sling of flame
 g - a +0,+0 mace
 p - a +1,+0 short sword of venom (weapon)
Missiles
 b - 58 stones (quivered)
 q - 13 poisoned needles
Armour
 c - a +0 robe (worn)
 r - a cursed +0 pair of boots (worn)
Magical devices
 x - a wand of hasting (5) {unknown}
Comestibles
 a - a bread ration
 m - a chunk of orc flesh
 w - a pear
 z - a chunk of orc flesh
Scrolls
 e - 2 scrolls of random uselessness {unknown}
 h - 2 scrolls of identify {unknown}
 j - 2 scrolls of blinking {unknown}
 k - 2 scrolls of enchant weapon II {unknown}
 n - a scroll of noise {unknown}
 s - a scroll of fog {unknown}
 t - a scroll of teleportation {unknown}
 v - a scroll of remove curse {unknown}
Jewellery
 y - an uncursed amulet of faith {unknown}
Books
 d - a book of Geomancy

   Spells                             Type                      Level
   *Sandblast                         Earth                        1
   *Stoneskin                         Transmutation/Earth          2
   Passwall                           Transmutation/Earth          3
   Stone Arrow                        Conjuration/Earth            3
   Petrify                            Transmutation/Earth          4
   Lee's Rapid Deconstruction         Earth                        5
 A - a book of Envenomations

   Spells                             Type                      Level
   Spider Form                        Transmutation/Poison         3
   Poison Weapon                      Charms/Poison                3
   Summon Scorpions                   Summoning/Poison             4
   Olgreb's Toxic Radiance            Poison                       4
   Poisonous Cloud                    Conjuration/Poison/Air       6


   Skills:
 + Level 0.2 Fighting
 + Level 0.2 Short Blades
 - Level 2.1 Dodging
 + Level 3.2 Stealth
 + Level 1.4 Spellcasting
 - Level 2.0 Transmutations
 - Level 5.1 Earth Magic


You had 3 spell levels left.
You knew the following spells:

 Your Spells              Type           Power        Failure   Level  Hunger
a - Sandblast             Erth           ####..       1%          1    ##.....
b - Stoneskin             Trmt/Erth      ####......   1%          2    ###....


Dungeon Overview and Level Annotations

Branches:
Dungeon (3/16)

Altars:


Innate Abilities, Weirdness & Mutations

Your are under a permanent stasis effect.
You can dig through walls and to a lower floor.
Your four strong arms can wield any weapon, most with a shield.
You are susceptible to poison.
You have a pair of large antennae on your head (SInv).
Your body is surrounded by an exoskeleton. (HP +5, AC +1)
You are resistant to electric shocks.


Message History

Your stasis keeps you stable.
Drink which item? (? for menu, Esc to quit)
Magic courses through your body.
It was a potion of magic.
The orc wizard casts a spell at you. You resist.
The orc wizard barely misses you.
Drink which item? (? for menu, Esc to quit)
You feel more clever all of a sudden.
It was a potion of brilliance.
The orc wizard hits you with an orcish short sword.
* * * LOW HITPOINT WARNING * * *
Drink which item? (? for menu, Esc to quit)
You feel extremely strange.
You feel insulated.
You feel a little hungry.
Your metabolism slows.
It was a potion of mutation.
The orc wizard closely misses you.
Drink which item? (? for menu, Esc to quit)
You feel more agile all of a sudden.
It was a potion of agility.
The orc wizard barely misses you.
The orc wizard mumbles some strange words.
The orc wizard blinks!
You die...

. ..# #..[ ..# . ##...
..# ....... ..#
#.#.#.#.#..# ...o.{S..
#.#.#.#.#.#
..........#############
...#..#......o@.......#
..#..#.>.....#########
{# %...#.......#
#.##.##.......#
#..<..........#
###.#.........#
...#.#.....o.#
#..#.##.######
#.##.##.############


You could see an orc wizard and an orc.

Vanquished Creatures
  Terence (D:2)
  4 adders
  A gnoll (D:1)
  An ooze (D:2)
  3 orcs (D:3)
  6 bats
  4 hobgoblins
  4 kobolds
  A quokka (D:2)
  3 giant cockroaches
  A giant newt (D:2)
  3 goblins
  10 rats
42 creatures vanquished.

Notes
Turn   | Place    | Note
--------------------------------------------------------------
     0 | D:1      | Psiweapon, the Formicid Earth Elementalist, began the quest for the Orb.
     0 | D:1      | Reached XP level 1. HP: 15/15 MP: 3/3
    72 | D:1      | Reached skill level 4 in Earth Magic
    72 | D:1      | Reached XP level 2. HP: 10/20 MP: 0/4
   606 | D:1      | Reached XP level 3. HP: 22/24 MP: 5/5
   836 | D:1      | Learned a level 2 spell: Stoneskin
  1588 | D:2      | Noticed Terence
  1602 | D:2      | Killed Terence
  1602 | D:2      | Reached XP level 4. HP: 21/29 MP: 5/7
  2205 | D:2      | Reached skill level 5 in Earth Magic
  2522 | D:3      | Reached XP level 5. HP: 29/33 MP: 4/8
  2668 | D:3      | HP: 1/33 [orc wizard/orcish short sword (4)]
  2669 | D:3      | Gained mutation: You are resistant to electric shocks. [potion of mutation]
  2669 | D:3      | Gained mutation: You have a fast metabolism. [potion of mutation]
  2669 | D:3      | Lost mutation: You have a fast metabolism. [potion of mutation]
  2671 | D:3      | Succumbed to an adder's poison

Action                   |  1- 3 |  4- 6 || total
-------------------------+-------+-------++-------
Melee: Unarmed           |     2 |       ||     2
       Mace              |    22 |       ||    22
       Short sword       |    64 |    84 ||   148
 Cast: Sandblast         |     7 |     1 ||     8
       Stoneskin         |     1 |     3 ||     4
 Abil: Dig               |       |     2 ||     2
  Use: Potion            |     2 |     5 ||     7
 Stab: Sleeping          |     1 |       ||     1
